Map: Ruines de Seras

Players

piry

  • Race: Terran Terran
  • League: Gold

Daddy

  • Race: Terran Terran
  • League: Gold

Trayus

  • Race: Zerg Zerg
  • League: Platinum

FredisDrunk

  • Race: Zerg Zerg
  • League: Platinum

VOD

Have the link to the VOD?

Description

Time

  • Played on: March 20, 2016, 5:27 p.m.
  • Length: 12:37
Show
View Real Time Build Order
Export as new Build Order

piry Terran 

Build Orders: Reaper Expand, MMM Bio 

Get SALT Encoding   

  12  0:01  SCV  
  13  0:13  SCV  
  14  0:18  Supply Depot  
  14  0:25  SCV  
  15  0:40  SCV  
  15  0:42  Barracks  
  16  0:49  Refinery  
  16  0:57  SCV  
  17  1:09  SCV  
  18  1:23  SCV  
  19  1:34  Reaper  
  19  1:35  Orbital Command  
  20  1:50  Command Center  
  20  1:58  Refinery  
  21  2:01  SCV  
  21  2:08  Marine  
  21  2:13  Supply Depot  
  22  2:20  SCV  
  23  2:27  Factory  
  23  2:37  Barracks Reactor  
  23  2:40  SCV  
  24  3:02  Orbital Command  
  24  3:07  Bunker  
  24  3:11  Factory Tech Lab  
  24  3:12  Starport  
  24  3:18  SCV  
  25  3:21  Marine x2  
  27  3:29  SCV  
  27  3:31  SCV  
  29  3:40  Marine x2  
  31  3:42  Siege Tank  
  31  3:44  SCV  
  31  3:45  SCV  
  36  3:51  Medivac  
  37  3:58  Marine x2  
  37  4:00  SCV x2  
  41  4:04  Supply Depot  
  41  4:14  SCV x2  
  43  4:26  SCV  
  43  4:30  Marine x2  
  46  4:32  Medivac, SCV  
  46  4:33  Siege Tank  
  52  4:38  Supply Depot  
  52  4:39  SCV  
  53  4:49  Command Center  
  53  5:01  Marine x2, Liberator  
  53  5:05  Supply Depot  
  53  5:06  Barracks x2  
  55  5:09  Engineering Bay  
  55  5:10  Siege Tank  
  55  5:11  Engineering Bay  
  58  5:20  SCV  
  62  5:27  SCV  
  63  5:32  Marine x2, SCV  
  66  5:37  Supply Depot  
  66  5:39  SCV  
  66  5:42  Refinery  
  67  5:43  Terran Infantry Armor Level 1, Refinery, Terran Infantry Weapons Level 1  
  67  5:48  Supply Depot  
  67  5:59  Barracks Tech Lab x2  
  67  6:01  Marine  
  67  6:02  Marine  
  67  6:04  Orbital Command  
  69  6:09  SCV  
  69  6:10  SCV  
  71  6:20  Orbital Command  
  71  6:22  SCV x2  
  71  6:23  Marine  
  71  6:24  Marauder  
  71  6:25  Marauder, Marine  
  79  6:28  Stimpack, Combat Shields  
  79  6:42  SCV  
  79  6:43  Marine x2, SCV  
  83  6:51  Barracks  
  83  6:53  Marauder x2  
  87  6:54  Siege Tank  
  87  6:55  Barracks, Starport Reactor  
  87  6:58  SCV x3  
  93  7:05  Supply Depot  
  93  7:06  Marine x2  
  95  7:13  SCV x2  
  95  7:14  SCV  
  100  7:15  Marauder  
  100  7:19  Supply Depot  
  100  7:26  Marauder  
  100  7:29  Siege Tank  
  105  7:31  Marine x2  
  105  7:33  Medivac  
  109  7:41  Medivac  
  109  7:42  Barracks Reactor x2  
  111  7:46  SCV x2  
  111  7:47  SCV  
  111  7:49  Marauder, Marine  
  117  7:55  Armory  
  117  7:56  Supply Depot x2  
  117  7:57  Supply Depot  
  117  8:17  Marine x3  
  117  8:18  Marauder  
  122  8:21  Marine x4  
  122  8:26  SCV x3  
  129  8:33  Command Center, Refinery  
  129  8:34  Refinery  
  129  8:35  Marine x2  
  129  8:36  Marauder  
  129  8:38  SCV x2  
  129  8:39  Marauder, Marine  
  129  8:40  Marine x3  
  141  8:47  Supply Depot  
  141  8:48  Supply Depot  
  141  8:50  Supply Depot, Concussive Shells  
  141  8:52  Liberator  
  141  8:54  Liberator  
  141  9:08  Marine x2, SCV x2  
  141  9:09  Marauder x2, Marine x4  
  149  9:10  SCV  
  160  9:20  SCV x2  
  160  9:22  SCV  
  163  9:25  Terran Infantry Weapons Level 2, Terran Infantry Armor Level 2  
  163  9:26  Ghost Academy  
  163  9:27  Missile Turret  
  163  9:29  Missile Turret  
  163  9:32  Missile Turret  
  163  9:33  SCV x2  
  165  9:40  Liberator x2  
  165  9:44  Marauder x2, Marine x5, SCV  
  165  9:45  SCV x2  
  177  9:49  Orbital Command  
  172  9:56  SCV  
  179  10:04  Marine  
  180  10:08  SCV  
  180  10:13  Marine  
  180  10:15  Marine  
  180  10:17  SCV  
  180  10:42  Supply Depot  
  180  10:43  Supply Depot  
  180  10:47  Liberator x2  
  180  11:03  Marauder, Marine x3, Siege Tank  
  188  11:04  Marine x2  
  188  11:08  Marine  
  195  11:13  Marauder  
  195  11:15  SCV  
  195  11:16  SCV  
  191  11:20  Supply Depot  
  191  11:21  Marine x3  
  191  11:22  Marine  
  191  11:24  Supply Depot  
  191  11:25  Marine  
  195  11:27  Supply Depot  
  196  11:35  Marine  
  196  11:40  Missile Turret  
  196  11:41  Marine x2  
  196  11:42  Marauder  
  196  11:44  Missile Turret  
  200  12:01  Marine  
  200  12:07  Marauder  
Show
View Real Time Build Order
Export as new Build Order

Daddy Terran 

Build Orders:  

Get SALT Encoding   

  12  0:01  Drone  
  13  0:14  Overlord  
  13  0:18  Drone  
  14  0:32  Drone x2  
  16  0:36  Drone  
  17  0:57  Hatchery  
  17  0:58  Drone  
  17  1:01  Extractor  
  17  1:03  Drone  
  17  1:21  Spawning Pool  
  17  1:23  Drone  
  17  1:35  Drone x2  
  19  1:44  Overlord  
  19  2:08  Queen  
  19  2:09  Queen  
  19  2:12  Zergling x4  
  19  2:13  Zergling x2  
  26  2:26  Drone  
  27  2:33  Metabolic Boost  
  26  2:51  Drone  
  26  2:52  Drone x5  
  32  3:04  Overlord  
  32  3:06  Drone  
  32  3:07  Queen  
  35  3:20  Drone  
  35  3:21  Baneling Nest  
  35  3:30  Drone  
  36  3:34  Extractor  
  36  3:37  Roach Warren  
  33  3:50  Zergling x2  
  33  3:54  Drone x3, Overlord  
  37  3:55  Drone  
  37  3:56  Drone x5  
  43  4:07  Spore Crawler  
  43  4:09  Spore Crawler  
  41  4:15  Overlord  
  41  4:17  Roach  
  41  4:18  Roach  
  44  4:35  Zergling x16  
  52  5:00  Drone  
  52  5:01  Overlord x3  
  50  5:26  Roach  
  50  5:27  Extractor, Roach x10  
  71  5:35  Drone x3  
  74  5:51  Drone  
  74  5:54  Overlord x3  
  75  6:04  Spore Crawler  
  74  6:11  Ravager  
  74  6:12  Ravager x2  
  74  6:16  Ravager x3, Overlord  
  80  6:19  Drone x4  
  80  6:20  Drone  
  85  6:26  Lair  
  85  6:27  Evolution Chamber x2  
  81  6:44  Drone, Spore Crawler  
  81  6:45  Overlord  
  81  6:49  Roach  
  81  6:50  Roach x5  
  81  6:53  Drone  
  94  6:58  Zerg Missile Weapons Level 1  
  94  6:59  Zerg Ground Armor Level 1  
  94  7:02  Drone, Extractor  
  94  7:04  Drone  
  94  7:06  Drone  
  94  7:08  Drone  
  96  7:36  Spire  
  94  7:40  Ravager  
  93  7:53  Pneumatized Carapace, Hatchery  
  89  8:04  Overseer  
  87  8:07  Ravager x2  
  88  8:15  Drone  
  88  8:16  Drone x2  
  90  8:36  Queen  
  90  8:40  Drone  
  90  8:41  Drone  
  94  8:42  Queen, Hatchery  
  95  8:50  Mutalisk x3  
  101  9:04  Mutalisk  
  101  9:06  Zergling x2  
  101  9:07  Zergling x22  
  101  9:09  Overlord  
  115  9:12  Overlord  
  115  9:26  Queen  
  115  9:28  Zerg Missile Weapons Level 2  
  117  9:42  Overseer  
  117  9:51  Zerg Ground Armor Level 2  
  117  9:52  Infestation Pit  
  116  10:03  Queen  
  116  10:05  Drone x8  
  116  10:06  Drone  
  127  10:15  Overlord x2  
  127  10:16  Drone  
  128  10:22  Hatchery  
  127  10:35  Mutalisk x2  
  125  10:36  Mutalisk x3  
  125  10:41  Queen  
  137  10:45  Extractor  
  137  10:46  Drone x2, Extractor  
  137  11:14  Spore Crawler  
  137  11:17  Spine Crawler  
  137  11:18  Drone x2  
  137  11:19  Drone x3  
  137  11:22  Overlord  
  137  11:23  Overlord  
  137  11:24  Roach x5  
  150  11:36  Queen  
  150  11:39  Spore Crawler  
Show
View Real Time Build Order
Export as new Build Order

Trayus Zerg 

Build Orders:  

Get SALT Encoding   

Show
View Real Time Build Order
Export as new Build Order

FredisDrunk Zerg 

Build Orders:  

Get SALT Encoding   

Tags
 
Add a new tag
Caveats
  • Supply blocks, unpowered buildings, or Contaminate may cause inaccurate times.
  • Supply counts are checked every 10 seconds.